 Dungeon Crawl Stone Soup version 0.28-a0-1477-g273aa18710 (webtiles) character file.

Game seed: 7155584349152856799

1 Cheeritup the Caller (level 1, 0/9 (13) HPs)
             Began as a Demonspawn Wanderer on Jan 11, 2022.
             Slain by a hobgoblin (2 damage)
             ... on level 1 of the Dungeon.
             The game lasted 00:01:06 (26 turns).

Cheeritup the Caller (Demonspawn Wanderer)            Turns: 26, Time: 00:01:07

HP:   0/9 (13)      AC:  3    Str: 11    XL:     1   Next: 16%
MP:   0/3           EV: 12    Int: 12    God:
Gold: 0             SH:  0    Dex: 14    Spells: 3/4 levels left

rFire   . . .      SeeInvis .   a - +0 falchion
rCold   . . .      Faith    .   (no shield)
rNeg    . . .      Spirit   .   c - +0 robe
rPois   .          Reflect  .   b - +0 helmet
rElec   .          Harm     .   (no cloak)
rCorr   .          Rampage  .   (no gloves)
Will    .....                   (no boots)
Stlth   +.........              (no amulet)
HPRegen 0.03/turn               (no ring)
MPRegen 0.08/turn               (no ring)

@: very heavily drained
A: no striking features
a: no special abilities


You were on level 1 of the Dungeon.
You visited 1 branch of the dungeon, and saw 1 of its levels.

Inventory:

Hand Weapons
 a - a +0 falchion (weapon)
Armour
 b - a +0 helmet (worn)
 c - a +0 robe (worn)


   Skills:
 + Level 1.1 Long Blades
 - Level 2.6 Dodging
 - Level 2.0 Spellcasting
 - Level 4.0 Summonings


You had 3 spell levels left.
You knew the following spells:

 Your Spells              Type           Power      Damage    Failure   Level
a - Summon Small Mammal   Summ           40%        N/A       5%          1

Your spell library contained the following spells:

 Spells                   Type           Power      Damage    Failure   Level
 Call Imp                 Summ           10%        N/A       8%          2
 Summon Lightning Spire   Summ/Air       6%         N/A       75%         4


Dungeon Overview and Level Annotations

Branches:
Dungeon (1/15)

Altars:


Message History

The hobgoblin barely misses you. The giant cockroach barely misses you.
Casting: Summon Small Mammal (safe; 5% risk of failure)
Confirm with . or Enter, or press ? or * to list all spells.
Your bat hits the giant cockroach but does no damage. x2
The giant cockroach bites your bat. The hobgoblin misses your bat.
Your bat hits the giant cockroach but does no damage.
Your bat barely misses the giant cockroach.
Your bat closely misses the giant cockroach.
The giant cockroach closely misses your bat.
Your bat hits the giant cockroach but does no damage.
Your rat barely misses the hobgoblin.
You hit the hobgoblin.
The hobgoblin is almost dead.
Your bat hits the giant cockroach.
Your bat hits the kobold but does no damage.
The kobold closely misses your bat. The hobgoblin barely misses you.
Your rat closely misses the hobgoblin.
The giant cockroach barely misses you.
Your bat barely misses the giant cockroach.
You barely miss the hobgoblin.
The hobgoblin is almost dead.
Your bat hits the giant cockroach but does no damage.
Your bat closely misses the kobold.
Your bat hits the giant cockroach. The kobold closely misses your bat.
The giant cockroach closely misses you. The hobgoblin misses you.
Your rat bites the hobgoblin but does no damage.
The goblin hits you with a +1 dagger of draining.
* * * LOW HITPOINT WARNING * * *
You feel drained.
* * * LOW HITPOINT WARNING * * *
Your bat closely misses the kobold.
The kobold hits your bat but does no damage.
You hit the hobgoblin but do no damage.
The hobgoblin is almost dead.
Your bat misses the giant cockroach. Your bat misses the hobgoblin.
The giant cockroach barely misses you. The hobgoblin barely misses you.
Your bat closely misses the hobgoblin.
The goblin hits you but does no damage.
You feel drained.
Your rat barely misses the hobgoblin.
The giant cockroach misses you. The kobold barely misses your bat.
The hobgoblin hits you.
You die...

#........#
#.†..÷..# ###
#...# # ....
#÷.÷##.# ÷...#
##......#
.....#
#K÷.....#
#...##b..#####
#...rgB.##
##...@g.#
#.....##
###<..# #####


You could see a giant cockroach (ally target), a hobgoblin (ally target), a
goblin, a kobold, a friendly bat (summoned) and a friendly rat (summoned).

Vanquished Creatures
  A hobgoblin (D:1)
1 creature vanquished.

Notes
Turn   | Place    | Note
-------+----------+-------------------------------------------
     0 | D:1      | Cheeritup the Demonspawn Wanderer began the quest for the
                  | Orb.
     0 | D:1      | Cheeritup set off with the following items: a +0 falchion,
                  | a +0 helmet, a +0 robe; and the following spell memorised:
                  | Summon Small Mammal; and the following spells available to
                  | memorise: Call Imp, Summon Lightning Spire
     0 | D:1      | Reached XP level 1. HP: 13/13 MP: 3/3
    26 | D:1      | Slain by a hobgoblin

Illustrated notes

Levels and vault maps discovered:
D:1:      amcnicky_arrival_wind_blow, layout_loops_ring,
          ebering_ecumenical_altar_webs

Action                   || total
-------------------------++-------
Melee: Falchion          ||     9
 Cast: Summon Small Mamm ||     4
Armor: Robe              ||     6
Dodge: Dodged            ||    14

Table legend: (Time is in decaauts)
 A = Elapsed time spent in this place.
 B = Non-inter-level travel time spent in this place.
 C = Inter-level travel time spent in this place.
 D = Time resting spent in this place.
 E = Time spent auto-exploring this place.
 F = Levels seen in this place.
 G = Mean time per level.
                   A        B        C        D        E       F      G
               +--------+--------+--------+--------+--------+-----+--------+
         Total |     28 |     28 |      0 |      0 |      0 |   1 |   28.0 |
       Dungeon |     28 |     28 |      0 |      0 |      0 |   1 |   28.0 |
               +--------+--------+--------+--------+--------+-----+--------+

Top non-repeatable levels by time:
     D:1: 28 daAuts
